 Dungeon Crawl Stone Soup version 0.24-a0-524-gf43b32f (webtiles) character file.

Game seed: 8027172648238475815

1098 cerebotwack the Chopper (level 8, -1/72 HPs)
             Began as a Deep Dwarf Fighter on July 30, 2019.
             Was an Initiate of Jiyva.
             Slain by Menkaure (13 damage)
             ... on level 5 of the Dungeon.
             The game lasted 00:20:22 (3551 turns).

cerebotwack the Chopper (Deep Dwarf Fighter)        Turns: 3551, Time: 00:20:23

Health: -1/72      AC: 14    Str: 21    XL:     8   Next: 10%
Magic:  5/5        EV:  9    Int: 10    God:    Jiyva [......]
Gold:   236        SH:  0    Dex: 12    Spells: 7/7 levels left

rFire    . . .     SeeInvis .   q - -2 lajatang (curse)
rCold    . . .     Gourm    .   (shield currently unavailable)
rNeg     . . .     Faith    .   p - +0 chain mail
rPois    .         Spirit   .   m - +0 helmet
rElec    .         Reflect  .   l - +2 cloak
rCorr    .         Harm     .   (no gloves)
MR       +....                  (no boots)
Stlth    ..........             (no amulet)
HPRegen  0.00/turn              (no ring)
MPRegen  0.09/turn              (no ring)

@: non-regenerating
A: damage resistance, heal wounds, sense surroundings 1, no regeneration
a: Heal Wounds, Renounce Religion


You were on level 5 of the Dungeon.
You worshipped Jiyva.
Jiyva was noncommittal.
You were not hungry.

You visited 2 branches of the dungeon, and saw 7 of its levels.

You collected 236 gold pieces.

Inventory:

Hand Weapons
 a - a +0 war axe
 q - a cursed -2 lajatang (weapon)
Missiles
 t - 5 curare-tipped darts (quivered)
Armour
 c - a +0 shield
 l - a +2 cloak (worn)
 m - a +0 helmet (worn)
 p - a +0 chain mail (worn)
Jewellery
 n - an uncursed ring of protection from cold {unknown}
 u - an uncursed ring of protection from fire {unknown}
Wands
 g - a wand of polymorph (1)
Scrolls
 b - a scroll of remove curse {unknown}
 e - 5 scrolls of teleportation
 k - 3 scrolls of fear
Potions
 d - a potion of might
 h - 3 potions of berserk rage
 i - a potion of cancellation {unknown}
 j - 4 potions of curing {unknown}
 o - a potion of agility {unknown}
 r - a potion of mutation {unknown}
 s - 2 potions of haste {unknown}
 v - a potion of heal wounds {unknown}
Comestibles
 f - 5 rations
 w - 2 chunks of flesh


   Skills:
 + Level 4.1 Fighting
 - Level 7.6 Axes
 + Level 5.0 Armour
 + Level 3.3 Dodging
 + Level 4.8 Shields


You had 7 spell levels left.
You didn't know any spells.
Your spell library was empty.

Dungeon Overview and Level Annotations

Branches:
Dungeon (6/15)             Temple (1/1) D:5

Altars:
Ashenzari
Cheibriados
Dithmenos
Elyvilon
Hepliaklqana
Nemelex Xobeh
Uskayaw
The Shining One
Jiyva

Annotations:
D:5 Menkaure


Innate Abilities, Weirdness & Mutations

You are resistant to damage.
You can heal yourself by infusing magical energy.
You passively map a small area around you.
You do not regenerate.


Message History

Menkaure closely misses you.
The orc wizard gestures at you while chanting.
The puff of frost hits you but does no damage.
You slash the orc wizard!
You kill the orc wizard!
Your Armour skill increases to level 5!
Menkaure calls on the powers of darkness!
Your body is wracked with pain!
The jelly convulses!
Menkaure hits you!!
* * * LOW HITPOINT WARNING * * *
Okay, then.
Your magical essence is drained by the effort!
You feel much better. Menkaure hits you!
* * * LOW HITPOINT WARNING * * *
Menkaure barely misses you.
You slash Menkaure!
Menkaure is moderately damaged.
Menkaure hits you!
You die...

### #.............#...(.
#.............#<....
############..##########+
##..#......##..######..#..
#...#......#......#....#..
#...#......#......#....#..
#...#......'......#....#..
#...#......#......#....#..
#...#....@.#......#....'..
###.#...M).########'####..
##.##...J................
#...#....................
#...#....................
#...#....................
#...'....................
#...#....................
##..#....................


You could see Menkaure and a neutral jelly (fellow slime).

Vanquished Creatures
  Grinder (D:3)
  2 ogres (D:4)
  2 howler monkeys (D:5)
  3 crimson imps
  2 orc priests
  2 hounds
  3 orc wizards
  Natasha (thrice) (D:3)
  3 worker ants
  A hound skeleton (D:4)
  Robin (D:3)
  4 adders
  4 gnolls (D:3)
  An adder skeleton (D:5)
  5 worms
  A leopard gecko (D:2)
  22 orcs
  4 giant cockroaches
  15 goblins
  6 hobgoblins
  8 jackals (D:3)
  7 kobolds
  2 quokkas (D:4)
  A ball python (D:2)
  A bat (D:3)
  4 frilled lizards
  A jackal skeleton (D:5)
  A jackal zombie (D:5)
  A quokka skeleton (D:5)
  5 rats
116 creatures vanquished.

Vanquished Creatures (others)
  A shadow imp (D:5)
1 creature vanquished.

Grand Total: 117 creatures vanquished

Notes
Turn   | Place    | Note
-------+----------+-------------------------------------------
     0 | D:1      | cerebotwack the Deep Dwarf Fighter began the quest for the
                  | Orb.
     0 | D:1      | Reached XP level 1. HP: 20/20 MP: 1/1
    43 | D:1      | You fall into a shaft and drop 1 floor!
    59 | D:2      | Reached XP level 2. HP: 14/27 MP: 2/2
    62 | D:2      | Reached skill level 3 in Axes
    71 | D:2      | Reached XP level 3. HP: 7/33 MP: 3/3
   110 | D:2      | Reached skill level 4 in Axes
   248 | D:2      | Found a shadowy altar of Dithmenos.
   330 | D:2      | Reached XP level 4. HP: 19/40 MP: 4/4
   543 | D:3      | Noticed Grinder
   546 | D:3      | Paralysed by Grinder for 2 turns
   558 | D:3      | Paralysed by Grinder for 3 turns
   583 | D:3      | Killed Grinder
   583 | D:3      | Reached skill level 6 in Axes
   583 | D:3      | Reached XP level 5. HP: 13/48 MP: 5/5
   583 | D:3      | Reached XP level 6. HP: 15/55 MP: 6/6
   752 | D:3      | Reached skill level 7 in Axes
  1054 | D:3      | Noticed Robin
  1063 | D:3      | Killed Robin
  1338 | D:3      | Noticed Natasha
  1348 | D:3      | Killed Natasha
  1445 | D:3      | Noticed Natasha
  1456 | D:3      | Killed Natasha
  1502 | D:3      | Noticed Natasha
  1509 | D:3      | Killed Natasha
  1509 | D:3      | Reached skill level 1 in Dodging
  1786 | D:4      | Reached XP level 7. HP: 53/62 MP: 6/6
  2494 | D:5      | Entered Level 5 of the Dungeon
  2958 | D:5      | Found a staircase to the Ecumenical Temple.
  2996 | D:5      | Reached XP level 8. HP: 68/72 MP: 6/6
  3013 | Temple   | Entered the Ecumenical Temple
  3026 | Temple   | Became a worshipper of Jiyva Jeegoem the Shapeless
  3523 | D:6      | Noticed Menkaure
  3548 | D:5      | Reached skill level 5 in Armour
  3551 | D:5      | Slain by Menkaure

Levels and vault maps discovered:
D:1:      tarquinn_simple_flora_water_c, layout_basic
D:2:      layout_rooms, nicolae_overflow_crystal_walls
D:3:      layout_basic, nrook_mini_vaults, uniq_robin, uniq_grinder,
          uniq_natasha
D:4:      layout_basic, first_ration
D:5:      layout_gridville, minmay_temple_entry_junction, lemuel_flame_loot_1
D:6:      layout_basic, xom_redecorated, lemuel_coloured_pillars_altar,
          basic_altar, cheibrodos_sewer_entry_bend, st_stairs_10, uniq_menkaure,
          uniq_duvessa, uniq_eustachio
Temple:   pf_slime_end_temple

Skill      XL: |  1  2  3  4  5  6  7  8 |
---------------+-------------------------+-----
Axes           | 3 4 6 7 |  7.6
Fighting       | 3 4 |  4.1
Dodging        | 1 3 |  3.3
Armour         | 4 5 |  5.0
Shields        | 4 |  4.8

Action                   |  1- 3 |  4- 6 |  7- 9 || total
-------------------------+-------+-------+-------++-------
Melee: War axe           |    56 |   177 |    66 ||   299
       Unarmed           |       |    23 |       ||    23
       Lajatang          |       |       |   114 ||   114
 Abil: Heal Wounds       |     1 |     4 |     7 ||    12
  Use: Potion            |       |     1 |       ||     1
       Scroll            |       |     3 |     1 ||     4
  Eat: Chunk             |       |     3 |     3 ||     6
       Ration            |       |       |     1 ||     1
Armor: Scale mail        |    36 |    32 |       ||    68
       Skin              |       |     2 |       ||     2
       Chain mail        |       |    36 |   103 ||   139
Dodge: Dodged            |    24 |    41 |    81 ||   146
Block: Shield            |    45 |    82 |    33 ||   160

Table legend:
 A = Non-vault XP
 B = Vault XP
 C = Vault XP percentage of total XP
 D = Non-vault monster count
 E = Vault monster count
 F = Vault count percentage of total count
                 A         B        C        D         E       F
            +---------+---------+-------+---------+---------+-------
      Total |    1227 |     342 |  21.8 |     102 |      14 |  12.1
            +---------+---------+-------+---------+---------+-------
        D:2 |     112 |       0 |   0.0 |      24 |       0 |   0.0
        D:3 |     246 |     342 |  58.2 |      37 |      14 |  27.5
        D:4 |     508 |       0 |   0.0 |      22 |       0 |   0.0
        D:5 |     361 |       0 |   0.0 |      19 |       0 |   0.0
            +---------+---------+-------+---------+---------+-------
